AoeStats
← HELGE!!!!!!!!!!!

Oasis

508947023Analyzed
3v3 RM · 7d ago on Sep 24, 2026· 24m 9s· 6 players
Game mode
Random Map
Map size
Normal (6 player)
Population
200
Speed
Normal
Resources
Standard
Victory
Conquest
Starting age
Dark Age
Ending age
Imperial Age
RankedLock teamsTeams togetherTeam positionsShared explorationLock speedFull tech treeHidden civsTurbo modeCheats
Victory
Defeat
🇸🇪 Britons · Sweden
1283
+15
🇸🇪 Magyars · Sweden
1275
+15
🇸🇪 Cumans · Sweden
1259
+16
🇸🇪 Saxons · Sweden
1279
-17
🇨🇳 Mongols · China
1276
-16
🇵🇪 Magyars · Peru
1207
-13
HELGE!!!!!!!!!!!
6:41 Loom
9:23 Feudal Age
9:55 Double-Bit Axe
20:01 Castle Age
19:00 Bloodlines
19:00 Scale Barding Armor
20:55 Bow Saw
22:12 Chain Barding Armor
Kent-Agent
6:04 Loom
11:17 Feudal Age
12:00 Horse Collar
12:09 Double-Bit Axe
12:49 Fletching
14:36 Padded Archer Armor
19:59 Castle Age
18:00 Gold Mining
18:02 Stone Mining
19:43 Wheelbarrow
18:52 Man-at-Arms
19:35 Scale Mail Armor
20:11 Long Swordsman
21:03 Forging
Kaos1000
11:12 Feudal Age
12:13 Double-Bit Axe
12:12 Horse Collar
22:39 Castle Age
20:32 Stone Mining
21:06 Gold Mining
22:55 Bloodlines
23:09 Scale Barding Armor
23:14 Forging
23:31 Bow Saw
Gustavus Adolphus
8:28 Loom
10:32 Feudal Age
14:40 Castle Age
12:49 Double-Bit Axe
17:17 Fletching
19:19 Padded Archer Armor
21:46 Bodkin Arrow
pickmyself or end
5:36 Loom
11:12 Feudal Age
Paku :3
11:26 Feudal Age
9:47 Loom
11:34 Feudal Age
12:46 Double-Bit Axe
12:42 Horse Collar
15:55 Castle Age
16:52 Bow Saw
19:06 Gold Mining
23:09 Heavy Plow
23:45 Scale Barding Armor
Connection lost

Rejoining the realm…

Still unreachable

The connection could not be restored.

Session expired

The server has moved on; the page needs a fresh start.